 Dungeon Crawl Stone Soup version 0.26-a0-612-gd4d190f45e (webtiles) character file.

Game seed: 9161875927906635285

303 DogServant the Ducker (level 6, -4/48 HPs)
             Began as a Demonspawn Gladiator on Sept 10, 2020.
             Slain by an ogre
             ... wielding a +0 giant club
              (32 damage)
             ... on level 4 of the Dungeon.
             The game lasted 00:07:23 (4974 turns).

DogServant the Ducker (Demonspawn Gladiator)        Turns: 4974, Time: 00:07:23

Health: -4/48      AC:  3    Str: 17    XL:     6   Next: 15%
Magic:  6/6        EV: 14    Int:  9    God:
Gold:   146        SH:  0    Dex: 14    Spells: 5/5 levels left

rFire    . . .     SeeInvis .   x - +2 hand axe (freeze)
rCold    + . .     Faith    .   (no shield)
rNeg     . . .     Spirit   .   b - +0 leather armour
rPois    .         Reflect  .   (helmet restricted)
rElec    .         Harm     .   (no cloak)
rCorr    .                      (no gloves)
MR       .....                  (no boots)
Stlth    +.........             (no amulet)
HPRegen  0.16/turn              (no ring)
MPRegen  0.10/turn              (no ring)

@: no status effects
A: claws 1, horns 1, cold resistance 1
a: no special abilities


You were on level 4 of the Dungeon.
You visited 1 branch of the dungeon, and saw 4 of its levels.

You collected 146 gold pieces.

Inventory:

Hand Weapons
 a - a +0 flail
 x - a +2 hand axe of freezing (weapon)
 y - a +3 spear
Missiles
 d - 4 throwing nets
 s - 36 poisoned darts (quivered)
Armour
 b - a +0 leather armour (worn)
 c - a +0 helmet
 q - a cursed +0 pair of gloves
Jewellery
 r - an uncursed ring of stealth {unknown}
Scrolls
 g - 2 scrolls of identify
 k - a scroll of teleportation
 m - a scroll of enchant weapon {unknown}
 o - a scroll of enchant armour {unknown}
 p - a scroll of random uselessness {unknown}
 t - a scroll of magic mapping {unknown}
 u - 2 scrolls of remove curse {unknown}
 v - a scroll of immolation {unknown}
 w - 3 scrolls of fear {unknown}
Potions
 e - 3 potions of heal wounds {unknown}
 f - 4 potions of curing {unknown}
 h - 3 potions of lignification {unknown}
 i - a potion of stabbing {unknown}
 j - a potion of degeneration {unknown}
 l - a potion of flight {unknown}
 n - 2 potions of ambrosia {unknown}
 z - a potion of brilliance {unknown}


   Skills:
 + Level 4.0 Fighting
 + Level 1.7(2.9) Axes
 - Level 3.6(3.9) Maces & Flails
 - Level 1.8 Throwing
 + Level 0.3 Armour
 + Level 4.2 Dodging


You had 5 spell levels left.
You didn't know any spells.
Your spell library was empty.

Dungeon Overview and Level Annotations

Branches:
Dungeon (4/15)
 Temple: D:4-7

Altars:


Innate Abilities, Weirdness & Mutations

You have sharp fingernails.
You have a pair of small horns on your head.
Your flesh is cold resistant. (rC+)


Message History

You kill the adder!
Your Fighting skill increases to level 4!
You see here an adder corpse.
HP restored.
An ogre comes into view. It is wielding a +0 giant club.
The ogre shouts!
You slash the ogre! You freeze the ogre. You headbutt the ogre.
The ogre is heavily wounded.
The ogre hits you with a +0 giant club!!
You hit the ogre. You freeze the ogre.
The ogre is heavily wounded.
The ogre closely misses you.
You barely miss the ogre. You headbutt the ogre.
The ogre is severely wounded.
The ogre completely misses you.
You hit the ogre. You freeze the ogre. Your headbutt misses the ogre.
The ogre is almost dead.
The ogre hits you with a +0 giant club!!
Ouch! That really hurt!
You die...

##### #.... o.o..
##############....
#.O...............
#@###.#.........##
#.#..........(...#
#.#.#........#....
#†#.#.#.#...(#...#
#.#.#.#......#...#
#.#.#.#..#.#.....#
#.#........#......
#(................
#.#####.#...........


You could see an ogre.

Vanquished Creatures
  A hound (D:4)
  An orc priest (D:4)
  Jessica (D:3)
  A worker ant (D:4)
  5 adders
  5 gnolls
  2 oozes (D:2)
  2 worms (D:2)
  4 leopard geckos
  8 orcs
  6 giant cockroaches
  6 goblins
  11 hobgoblins
  2 quokkas
  2 ball pythons (D:1)
  A ball python skeleton (D:4)
  10 bats
  2 frilled lizards
  A kobold (D:2)
  5 rats
76 creatures vanquished.

Notes
Turn   | Place    | Note
-------+----------+-------------------------------------------
     0 | D:1      | DogServant the Demonspawn Gladiator began the quest for the
                  | Orb.
     0 | D:1      | Reached XP level 1. HP: 16/16 MP: 1/1
   304 | D:1      | Gained mutation: You have a pair of small horns on your
                  | head. [demonic ancestry]
   304 | D:1      | Reached XP level 2. HP: 15/22 MP: 2/2
   779 | D:1      | Gained mutation: Your flesh is cold resistant. (rC+)
                  | [demonic ancestry]
   779 | D:1      | Reached XP level 3. HP: 24/28 MP: 3/3
  1727 | D:2      | Reached XP level 4. HP: 34/34 MP: 4/4
  2451 | D:3      | Noticed Jessica
  2454 | D:3      | Killed Jessica
  2726 | D:3      | Gained mutation: You have sharp fingernails. [demonic
                  | ancestry]
  2726 | D:3      | Reached XP level 5. HP: 11/41 MP: 5/5
  3140 | D:4      | Noticed a centaur
  3472 | D:4      | Reached skill level 1 in Axes
  4595 | D:4      | Reached XP level 6. HP: 30/48 MP: 6/6
  4974 | D:4      | Slain by an ogre

Illustrated notes

Levels and vault maps discovered:
D:1:      dpeg_arrival_shrine, layout_basic
D:2:      layout_loops_ring, serial_co_window_serial, co_window_paths_b,
          co_window_paths_a, co_window_paths_a, co_window_paths_b,
          co_window_paths_a, co_window_unsneaky_path_d, co_window_broadway_b,
          co_window_corner_ca, co_window_corner_b, co_window_2corner,
          co_window_cross_4, glass_columns_c, glass_columns_a, glass_columns_b,
          glass_columns_b, minmay_pentomino_x4
D:3:      layout_loops_ring, uniq_jessica
D:4:      layout_basic, minmay_overflow_temple_star_quad

Skill      XL: |  1  2  3  4  5  6 |
---------------+-------------------+-----
Maces & Flails | 3 |  3.6
Dodging        | 3 4 |  4.2
Fighting       | 3 4 |  4.0
Axes           | 1 |  1.7
Throwing       | |  1.8
Armour         | |  0.3

Action                   |  1- 3 |  4- 6 || total
-------------------------+-------+-------++-------
Melee: Flail             |    86 |    46 ||   132
       Headbutt          |    11 |    25 ||    36
       Hand axe          |       |    90 ||    90
  Use: Scroll            |     1 |     3 ||     4
 Stab: Sleeping          |     3 |     2 ||     5
Armor: Leather armour    |    33 |    26 ||    59
Dodge: Dodged            |    83 |   120 ||   203

Table legend: (Time is in decaauts)
 A = Elapsed time spent in this place.
 B = Non-inter-level travel time spent in this place.
 C = Inter-level travel time spent in this place.
 D = Time resting spent in this place.
 E = Time spent auto-exploring this place.
 F = Levels seen in this place.
 G = Mean time per level.
                   A        B        C        D        E       F      G
               +--------+--------+--------+--------+--------+-----+--------+
         Total |   5021 |   4951 |     70 |    844 |   3426 |   4 | 1255.2 |
       Dungeon |   5021 |   4951 |     70 |    844 |   3426 |   4 | 1255.2 |
               +--------+--------+--------+--------+--------+-----+--------+

Top non-repeatable levels by time:
     D:3: 1617 daAuts
     D:1: 1391 daAuts
     D:2: 1031 daAuts
     D:4: 981 daAuts
